[Event "*** SCC Grand Prix: Titled Tuesday Blitz"]
[Site "Chess.com"]
[Date "2020.06.02"]
[Round "8"]
[White "Maghalashvili"]
[Black "DenLaz"]
[Result "1-0"]
[WhiteElo "2786"]
[BlackElo "2631"]
[TimeControl "180+1"]
[EndTime "11:34:42 PDT"]
[Termination "Maghalashvili won by resignation"]

1. Nf3 d5 2. g3 c6 3. Bg2 Bf5 4. O-O e6 5. d3 Nf6 6. Nh4 Bg4 7.
Qe1 Be7 8. h3 Bh5 9. f4 Nfd7 10.
Nf3 Bxf3 11. Bxf3 O-O 12. e4 a5 13. Nc3 Na6 14. Kh2 Nb4 15. Qf2 Bc5 16. d4 dxe4 17. Nxe4 Be7 18. a3 Nd5 19. c4 N5f6 20.
Nc3 a4 21. d5 cxd5 22. cxd5 exd5 23. Nxd5 Nxd5 24. Bxd5 Nc5 25. Rd1 Qa5 26. Bd2 Qa6 27. Bb4 Rac8 28. Qf3 b6 29. Bc3 Nb3 30. Rab1 Qb5 31.
Re1 Rfe8 32. Qg4 Bf8 33. Qf5 Re2+ 34. Kh1 Qc4 1-0

[Event "*** SCC Grand Prix: Titled Tuesday Blitz"]
[Site "Chess.com"]
[Date "2020.06.02"]
[Round "8"]
[White "Shubinkirill2003"]
[Black "stoleriu"]
[Result "1-0"]
[WhiteElo "2717"]
[BlackElo "2546"]
[TimeControl "180+1"]
[EndTime "11:34:42 PDT"]
[Termination "Shubinkirill2003 won by resignation"]

1. e4 e6 2. d4 d5 3. Nc3 Bb4 4. e5 c5 5. a3 Bxc3+ 6. bxc3 Qc7 7. Qg4 f6 8. Bb5+ Kf8 9. Nf3 Qa5 10. Rb1 a6 11. Be2 Qxc3+ 12. Bd2 Qxc2 13. Rc1 Qe4 14. Qg3 c4 15. exf6 gxf6 16. Qd6+ Kf7 17. Rc3 Nc6 18.
Re3 Qb1+ 19. Bd1 Nge7 20. O-O Rd8 21. Ng5+ fxg5 22. Bh5+ Kg7 23. Qg3 Qf5 24. Rf3 Nxd4 25. Rxf5 Ndxf5 26. Qxg5+ Kh8 27. Qf6+ Kg8 28. Bf7+ Kf8 29.
Bxe6+ 1-0

[Event "*** SCC Grand Prix: Titled Tuesday Blitz"]
[Site "Chess.com"]
[Date "2020.06.02"]
[Round "8"]
[White "diablanni"]
[Black "TengisChess"]
[Result "0-1"]
[WhiteElo "2336"]
[BlackElo "2492"]
[TimeControl "180+1"]
[EndTime "11:34:42 PDT"]
[Termination "TengisChess won by resignation"]

1. e4 c6 2. d4 d5 3. Nc3 dxe4 4.
Nxe4 Nf6 5. Nxf6+ gxf6 6. Nf3 h5 7. Be2 h4 8. c4 h3 9. g3 Bg4 10. O-O e6 11. Be3 Nd7 12. Qb3 Qb6 13. Qxb6 axb6 14. a4 Bh6 15. b3 Bxe3 16. fxe3 f5 17. Bd3 Bxf3 18. Rxf3 Nf6 19. Re1 Ke7 20. e4 fxe4 21.
Bxe4 Rad8 22. Bc2 Rxd4 23. Ref1 Rh6 24. R1f2 Rg4 25. Kf1 Rg7 26. Rd2 Ng4 27. Rfd3 Rf6+ 28. Kg1 Ne5 0-1

[Event "*** SCC Grand Prix: Titled Tuesday Blitz"]
[Site "Chess.com"]
[Date "2020.06.02"]
[Round "8"]
[White "zaur-mammadov"]
[Black "thedjoker98"]
[Result "1-0"]
[WhiteElo "2601"]
[BlackElo "2446"]
[TimeControl "180+1"]
[EndTime "11:34:44 PDT"]
[Termination "zaur-mammadov won by resignation"]

1. e4 e5 2. Nf3 Nc6 3. Nc3 Nf6 4. Be2 g6 5. d4 exd4 6. Nxd4 Bg7 7. Nxc6 dxc6 8.
Qxd8+ Kxd8 9. Bf4 Bd7 10. O-O-O Re8 11. e5 Nh5 12. Bg4 Re7 13. Bg5 f6 14. exf6 Bxf6 15. Be3 Ke8 16. Bf3 b6 17. Nb5 Be5 18. Rhe1 Rd8 19.
Nxa7 Re6 20. Bg5 Ra8 21. Nxc6 Bf4+ 22. Bxf4 Nxf4 23. Rxe6+ Nxe6 24. Rxd7 Kxd7 25. Ne5+ Kd6 26. Nf7+ Ke7 27. Bxa8 1-0

[Event "*** SCC Grand Prix: Titled Tuesday Blitz"]
[Site "Chess.com"]
[Date "2020.06.02"]
[Round "8"]
[White "VMikhalevski"]
[Black "TigrVShlyape"]
[Result "1/2-1/2"]
[WhiteElo "2752"]
[BlackElo "2880"]
[TimeControl "180+1"]
[EndTime "11:34:47 PDT"]
[Termination "Game drawn by agreement"]

1. Nf3 Nf6 2. g3 g6 3. Bg2 Bg7 4. O-O O-O 5. d4 d5 6. c4 c6 7. Qb3 Qb6 8. Nc3 Rd8 9. Bd2 Ne4 10.
Qxb6 axb6 11. cxd5 Nxd2 12. Nxd2 Bxd4 13. Rfd1 Bxc3 14.
bxc3 cxd5 15. Nc4 e6 16. Nxb6 Ra6 17. Rab1 Nd7 18. Nxd7 Rxd7 19. c4 dxc4 20. Rxd7 Bxd7 21. Rxb7 Be8 22. Rb8 Kf8 23. Rc8 Ke7 24. Rxc4 Rxa2 25. Bf3 Bb5 26. Re4 Bc6 27. Rb4 Bxf3 28. exf3 1/2-1/2

[Event "*** SCC Grand Prix: Titled Tuesday Blitz"]
[Site "Chess.com"]
[Date "2020.06.02"]
[Round "8"]
[White "wild_cat99"]
[Black "Evgeny81"]
[Result "0-1"]
[WhiteElo "2582"]
[BlackElo "2725"]
[TimeControl "180+1"]
[EndTime "11:34:47 PDT"]
[Termination "Evgeny81 won by resignation"]

1. Nf3 d5 2. e3 Nf6 3. c4 c6 4.
Nc3 Bg4 5. Be2 e6 6. cxd5 Bxf3 7.
Bxf3 cxd5 8. O-O Nc6 9. d4 Bd6 10. a3 O-O 11. b4 a6 12. Qd3 Rc8 13. Bb2 Nd7 14. Na4 Nb6 15. Nxb6 Qxb6 16. Rac1 Ne7 17. Be2 Rxc1 18. Rxc1 Rc8 19. b5 Rxc1+ 20. Bxc1 Qc7 21.
Bb2 Bxh2+ 22. Kh1 axb5 23. g3 Bxg3 24. fxg3 Nf5 25. Qxb5 h5 26. Qe8+ Kh7 27. Bd3 Qxg3 28. Bxf5+ exf5 29. Qxf7 Qf3+ 30. Kh2 h4 31. Bc1 h3 0-1

[Event "*** SCC Grand Prix: Titled Tuesday Blitz"]
[Site "Chess.com"]
[Date "2020.06.02"]
[Round "8"]
[White "Savagelittlemole"]
[Black "Orest_Vovk"]
[Result "1-0"]
[WhiteElo "2577"]
[BlackElo "2386"]
[TimeControl "180+1"]
[EndTime "11:34:47 PDT"]
[Termination "Savagelittlemole won on time"]

1. e4 Nc6 2. Nf3 d5 3. exd5 Qxd5 4. Nc3 Qa5 5. Bc4 Bg4 6. h3 Qh5 7. Be2 O-O-O 8. d3 Bxf3 9. Bxf3 Qe5+ 10. Be3 Nd4 11.
O-O Nxf3+ 12. Qxf3 Nf6 13. Bxa7 b6 14. a4 Qa5 15.
Nb5 e6 16. Qc6 Bd6 17. c4 g5 18. b4 Qxb4 19. a5 Qc5 20. Qxc5 Bxc5 21. axb6 cxb6 22.
d4 Bxd4 23. Nxd4 Rxd4 24. Bxb6 Rdd8 25. Ra8+ Kd7 26. Rd1+ Nd5 27. Rxd8+ Rxd8 28. Bxd8 1-0

[Event "*** SCC Grand Prix: Titled Tuesday Blitz"]
[Site "Chess.com"]
[Date "2020.06.02"]
[Round "8"]
[White "Sychev_Klementy"]
[Black "GukeshDommaraju"]
[Result "1-0"]
[WhiteElo "2849"]
[BlackElo "2683"]
[TimeControl "180+1"]
[EndTime "11:34:48 PDT"]
[Termination "Sychev_Klementy won by resignation"]

1. e4 c5 2. Nf3 Nc6 3. d4 cxd4 4.
Nxd4 Nf6 5. Nc3 e5 6. Ndb5 d6 7.
Bg5 a6 8. Na3 b5 9. Bxf6 gxf6 10. Nd5 Bg7 11. g3 Ne7 12. Bg2 Nxd5 13. Qxd5 Be6 14. Qd3 Rc8 15. c3 O-O 16. O-O Qd7 17. Rfd1 Rfd8 18. Nc2 f5 19. exf5 Bxf5 20. Qe2 Bg4 21.
Bf3 Bxf3 22. Qxf3 d5 23. Ne3 d4 24. Nf5 d3 25. Qg4 f6 26. Rxd3 Qc7 27. Rad1 Kh8 28.
Rxd8+ 1-0

[Event "*** SCC Grand Prix: Titled Tuesday Blitz"]
[Site "Chess.com"]
[Date "2020.06.02"]
[Round "8"]
[White "Forantes"]
[Black "Mikasinski"]
[Result "0-1"]
[WhiteElo "2297"]
[BlackElo "2460"]
[TimeControl "180+1"]
[EndTime "11:34:48 PDT"]
[Termination "Mikasinski won by resignation"]

1. Nf3 Nf6 2. g3 g6 3. Bg2 Bg7 4. O-O O-O 5. d4 d6 6. c4 Nc6 7. Nc3 a6 8. Qb3 Nd7 9. Rd1 Na5 10. Qa4 c5 11. e3 Rb8 12. b4 Nxc4 13. bxc5 b5 14.
cxb6 Ndxb6 15. Qc2 d5 16. Nxd5 Qxd5 17. Ne5 Qe6 18.
Nc6 Rb7 19. a4 a5 20. Rb1 Rc7 21. d5 Qd6 22. Ba3 Nxa3 0-1

[Event "*** SCC Grand Prix: Titled Tuesday Blitz"]
[Site "Chess.com"]
[Date "2020.06.02"]
[Round "8"]
[White "dianamirza"]
[Black "krasavetc"]
[Result "0-1"]
[WhiteElo "2016"]
[BlackElo "2230"]
[TimeControl "180+1"]
[EndTime "11:34:48 PDT"]
[Termination "krasavetc won by checkmate"]

1. d4 d5 2. Nf3 c6 3. e3 Nd7 4.
Bd3 f6 5. e4 dxe4 6. Bxe4 Nb6 7. O-O Bg4 8. h3 Bh5 9. g4 Bg6 10. Qe2 Nh6 11. c4 f5 12. Bxh6 fxe4 13. Ne5 gxh6 14.
Nxg6 hxg6 15. Qxe4 Kf7 16. Nc3 Nxc4 17. Rae1 Qd7 18.
Re2 h5 19. f4 hxg4 20. f5 g5 21. Qxg4 Bg7 22. Qxg5 Bxd4+ 23. Kg2 Rag8 24. Qg6+ Rxg6+ 25. fxg6+ Kxg6 26. Ne4 Qxh3# 0-1

[Event "*** SCC Grand Prix: Titled Tuesday Blitz"]
[Site "Chess.com"]
[Date "2020.06.02"]
[Round "8"]
[White "kuba2006"]
[Black "MNyuyu"]
[Result "1-0"]
[WhiteElo "2407"]
[BlackElo "2267"]
[TimeControl "180+1"]
[EndTime "11:34:49 PDT"]
[Termination "kuba2006 won by resignation"]

1. e4 d5 2. exd5 Qxd5 3. Nf3 Bg4 4. Be2 c6 5. d4 e6 6. c4 Qa5+ 7. Bd2 Qc7 8. O-O Nf6 9. Nc3 Nbd7 10. Ne5 Bf5 11.
f4 Be7 12. Kh1 O-O-O 13. Nxf7 h5 14. Be3 Ng4 15. Bg1 Ndf6 16. Nxh8 Rxh8 17. d5 Bd6 18. Qd2 h4 19. h3 Nh6 20. c5 Nxd5 21. Nxd5 exd5 22.
cxd6 Qxd6 23. Rac1 Qe6 24. Bd3 Kb8 25. Bxf5 Nxf5 26.
Bf2 Ng3+ 27. Bxg3 hxg3 28. f5 Qe4 29. Qf4+ 1-0

[Event "*** SCC Grand Prix: Titled Tuesday Blitz"]
[Site "Chess.com"]
[Date "2020.06.02"]
[Round "8"]
[White "mbojan"]
[Black "sunofadawn"]
[Result "1-0"]
[WhiteElo "2631"]
[BlackElo "2387"]
[TimeControl "180+1"]
[EndTime "11:34:50 PDT"]
[Termination "mbojan won by resignation"]

1. e4 e5 2. Nf3 Nc6 3. Bb5 a6 4.
Ba4 Nf6 5. O-O Nxe4 6. d4 Be7 7.
Re1 b5 8. Bb3 d5 9. dxe5 Be6 10.
Nbd2 O-O 11. c3 Nc5 12. Bc2 d4 13. cxd4 Nxd4 14. Nxd4 Qxd4 15. Qe2 Rad8 16. Nf3 Qc4 17. Qxc4 Bxc4 18. Be3 Nd3 19. Bxd3 Bxd3 20. Rac1 Rd7 21. Bc5 Bc4 22. Bxe7 Rxe7 23. b3 Bd5 24. Nd4 Rfe8 25. f4 f6 26. Nf5 Rf7 27. exf6 Rxe1+ 28. Rxe1 Rxf6 29. Ne7+ Kf7 30. Nxd5 Rd6 31. Nxc7 Kf6 32. Ne8+ 1-0

[Event "*** SCC Grand Prix: Titled Tuesday Blitz"]
[Site "Chess.com"]
[Date "2020.06.02"]
[Round "8"]
[White "Sibelephant"]
[Black "Lestofante90"]
[Result "1-0"]
[WhiteElo "3160"]
[BlackElo "2814"]
[TimeControl "180+1"]
[EndTime "11:34:51 PDT"]
[Termination "Sibelephant won by resignation"]

1. c4 g6 2. g3 Bg7 3. Bg2 c5 4. Nc3 Nc6 5. Nf3 Nf6 6. d4 cxd4 7. Nxd4 O-O 8. O-O Qa5 9. Nc2 d6 10. Bd2 Qh5 11. e4 Qxd1 12. Raxd1 Rb8 13. b3 b6 14. Nd5 Bb7 15. Bg5 Rfd8 16. Rd2 Kf8 17. Nxf6 Bxf6 18. Bxf6 exf6 19. Rfd1 Ke7 20. Ne3 Nb4 21. f4 Bc6 22. a3 Na6 23. b4 Nc7 24. e5 fxe5 25. Bxc6 1-0

[Event "*** SCC Grand Prix: Titled Tuesday Blitz"]
[Site "Chess.com"]
[Date "2020.06.02"]
[Round "8"]
[White "HunterBRR"]
[Black "PawnEatingZombie"]
[Result "1-0"]
[WhiteElo "2036"]
[BlackElo "2197"]
[TimeControl "180+1"]
[EndTime "11:34:52 PDT"]
[Termination "HunterBRR won by resignation"]

1. d4 d5 2. c4 e6 3. Nc3 Bb4 4. Nf3 dxc4 5. Bf4 b5 6. e3 Bb7 7.
Be2 Nf6 8. O-O a6 9. Ne5 Nbd7 10. Bf3 Bxf3 11. Qxf3 Nxe5 12. dxe5 Nd5 13. Nxd5 Qxd5 14. Qg3 g6 15. Rfd1 Qc6 16. Bg5 Be7 17. Bxe7 Kxe7 18. Qg5+ Ke8 19. Rd4 h6 20. Qf6 Rg8 21. Rad1 1-0

[Event "*** SCC Grand Prix: Titled Tuesday Blitz"]
[Site "Chess.com"]
[Date "2020.06.02"]
[Round "8"]
[White "Muradore"]
[Black "Happy1712Drummer"]
[Result "1-0"]
[WhiteElo "2618"]
[BlackElo "2450"]
[TimeControl "180+1"]
[EndTime "11:34:53 PDT"]
[Termination "Muradore won by resignation"]

1. e4 c6 2. d3 d5 3. Qe2 Nf6 4. Nf3 Bg4 5. Nbd2 e6 6. h3 Bh5 7. g4 Bg6 8. Bg2 Nbd7 9. O-O Be7 10. e5 Ng8 11. Re1 h5 12. Nf1 hxg4 13. hxg4 Nh6 14. N1h2 Qb6 15. c3 Qa6 16. Bf1 Nc5 17. Rd1 Nb3 18. Bxh6 Nxa1 19. Bxg7 Rh7 20. Bf6 Bxf6 21. exf6 Qxa2 22. Ne5 O-O-O 23. Nxg6 fxg6 24. Qxe6+ Kb8 25. Nf3 Ka8 26. f7 Rhh8 27. Ne5 Qa4 28. Re1 Nc2 29. Re2 d4 30. c4 Nb4 31. Nxg6 Rh1+ 32.
Kxh1 Qd1 33. Kg2 Nxd3 34. Qe8 1-0

[Event "*** SCC Grand Prix: Titled Tuesday Blitz"]
[Site "Chess.com"]
[Date "2020.06.02"]
[Round "8"]
[White "BogdanBelyakov89"]
[Black "Oligan22"]
[Result "1-0"]
[WhiteElo "2639"]
[BlackElo "2426"]
[TimeControl "180+1"]
[EndTime "11:34:56 PDT"]
[Termination "BogdanBelyakov89 won by resignation"]

1. e4 c6 2. d4 d5 3. exd5 cxd5 4.
c4 Nc6 5. cxd5 Qxd5 6. Nf3 e6 7. Nc3 Bb4 8. Bd2 Bxc3 9. bxc3 Nf6 10. Bd3 O-O 11.
O-O b6 12. Bg5 Ne4 13. c4 Qf5 14. Re1 Bb7 15. Bxe4 Qg4 16. h3 Qh5 17. Be3 f5 18. Bxc6 Bxc6 19. Ne5 Qe8 20. d5 Bb7 21. Bf4 Rd8 22.
d6 h6 23. h4 Ba8 24. h5 Bb7 25. Rc1 Rf6 26. c5 bxc5 27. Rxc5 Rf8 28. Rc7 Bd5 29. Ng6 Rf7 30. Ne7+ Rxe7 31. Rxe7 Qc6 32. Qd4 1-0

[Event "*** SCC Grand Prix: Titled Tuesday Blitz"]
[Site "Chess.com"]
[Date "2020.06.02"]
[Round "8"]
[White "Niclox"]
[Black "OparinGrigoriy"]
[Result "0-1"]
[WhiteElo "2692"]
[BlackElo "2931"]
[TimeControl "180+1"]
[EndTime "11:35:00 PDT"]
[Termination "OparinGrigoriy won on time"]

1. e4 e5 2. Qh5 Nc6 3. Bc4 g6 4. Qf3 Nf6 5. Ne2 Bg7 6. Nbc3 d6 7. h3 O-O 8. d3 Be6 9. Bg5 h6 10. Be3 Qe7 11. g4 Na5 12. Bb3 Nxb3 13. axb3 Nh7 14. Ng3 c6 15. h4 Qd7 16. g5 h5 17. Qg2 d5 18. Nce2 Rfd8 19. O-O-O a5 20. Bc5 a4 21. bxa4 Rxa4 0-1

[Event "*** SCC Grand Prix: Titled Tuesday Blitz"]
[Site "Chess.com"]
[Date "2020.06.02"]
[Round "8"]
[White "Fortitudine"]
[Black "I_Hit_18K_on_BS"]
[Result "1-0"]
[WhiteElo "2276"]
[BlackElo "2063"]
[TimeControl "180+1"]
[EndTime "11:35:00 PDT"]
[Termination "Fortitudine won by resignation"]

1. c4 c5 2. g3 g6 3. Nc3 Nc6 4. Bg2 Bg7 5. e4 d6 6. d3 e6 7. Nge2 Nge7 8. O-O O-O 9. Be3 a6 10. d4 cxd4 11. Nxd4 Qc7 12. Rc1 Ne5 13. b3 N7c6 14.
f4 Nxd4 15. Bxd4 Nc6 16. Bxg7 Kxg7 17. Qd2 b6 18. Rfd1 Rd8 19. Nd5 Qb7 20. Qb2+ e5 21. f5 gxf5 22. exf5 Bxf5 23. Qf2 Bg6 24. Qf6+ Kg8 25. Ne3 Rac8 26. Ng4 Qe7 27. Nh6+ 1-0

[Event "*** SCC Grand Prix: Titled Tuesday Blitz"]
[Site "Chess.com"]
[Date "2020.06.02"]
[Round "8"]
[White "MF1966Idrisov"]
[Black "Matveev_Vladimir"]
[Result "0-1"]
[WhiteElo "2354"]
[BlackElo "2558"]
[TimeControl "180+1"]
[EndTime "11:35:02 PDT"]
[Termination "Matveev_Vladimir won by resignation"]

1. Nf3 Nf6 2. b3 g6 3. Bb2 Bg7 4. c4 O-O 5. g3 c5 6. Bg2 d5 7. cxd5 Qxd5 8. O-O Qh5 9. Nc3 Bh3 10. d3 Nc6 11. Ne4 Nxe4 12. Bxg7 Nxf2 13. Rxf2 Kxg7 14. Qc2 Bxg2 15. Kxg2 Rad8 16. Rc1 b6 17. Qc4 Nd4 18. e3 Nxf3 19. Rxf3 Qd5 20. Qc3+ Kg8 21. Rd1 e5 22. Kf2 e4 23. Rf4 exd3 24. e4 Qh5 25.
Rxd3 Qxh2+ 26. Kf3 Qxa2 27. e5 Qb1 28. Rxd8 Rxd8 29. Qc4 Qd3+ 30. Kg4 Qxc4 31. Rxc4 Rd4+ 32. Rxd4 cxd4 33. Kf4 Kf8 34. Ke4 Ke7 0-1

[Event "*** SCC Grand Prix: Titled Tuesday Blitz"]
[Site "Chess.com"]
[Date "2020.06.02"]
[Round "8"]
[White "Bulldog167"]
[Black "nitpicker"]
[Result "1-0"]
[WhiteElo "2740"]
[BlackElo "2242"]
[TimeControl "180+1"]
[EndTime "11:35:04 PDT"]
[Termination "Bulldog167 won on time"]

1. e4 e6 2. d4 d5 3. Nc3 dxe4 4. Nxe4 Bd7 5. Nf3 Bc6 6. Bd3 Nd7 7. Qe2 Ngf6 8. Neg5 Bd6 9. c3 h6 10. Ne4 Be7 11. Bf4 b6 12. O-O-O Qc8 13. Nxf6+ Bxf6 14. Ba6 Bb7 15. Bxb7 Qxb7 16. d5 Nc5 17. Be3 O-O-O 18. Bxc5 bxc5 19. dxe6 Rde8 20. Rhe1 Rxe6 21. Qd3 Rd6 22.
Qf5+ Kb8 23. Qxc5 Rhd8 24. Rxd6 cxd6 25. Qc4 d5 26. Qf4+ Ka8 27. Nd4 Qa6 28. Qc7 Rc8 29. Nb5 1-0

[Event "*** SCC Grand Prix: Titled Tuesday Blitz"]
[Site "Chess.com"]
[Date "2020.06.02"]
[Round "8"]
[White "ajdemipopushi"]
[Black "DraG0s3L"]
[Result "1/2-1/2"]
[WhiteElo "2341"]
[BlackElo "2512"]
[TimeControl "180+1"]
[EndTime "11:35:05 PDT"]
[Termination "Game drawn by repetition"]

1. Nf3 Nf6 2. g3 e6 3. Bg2 b6 4.
c4 Bb7 5. O-O Be7 6. d4 O-O 7.
Nc3 d6 8. d5 e5 9. e4 Ne8 10. Ne1 f5 11. Nd3 Bc8 12. f4 exf4 13. Bxf4 Nd7 14. Qe2 Nc5 15. Nxc5 bxc5 16. e5 Bd7 17.
Rae1 dxe5 18. Bxe5 Bd6 19. b3 Bxe5 20. Qxe5 Nd6 21.
Qe3 Qf6 22. Ne2 Rae8 23. Qxc5 Re7 24. Nf4 Rfe8 25. Rxe7 Rxe7 26. Qxc7 Ne4 27. Qd8+ Kf7 28. Bxe4 Qd4+ 29. Kg2 Qxe4+ 30. Kg1 Qe3+ 31. Kg2 Qe4+ 32. Kg1 Qe3+ 33. Rf2 Qe1+ 34. Kg2 Qe4+ 35. Kg1 Qe1+ 36. Rf1 Qe3+ 1/2-1/2

[Event "*** SCC Grand Prix: Titled Tuesday Blitz"]
[Site "Chess.com"]
[Date "2020.06.02"]
[Round "8"]
[White "isainz"]
[Black "OnePeculiarConundrum"]
[Result "0-1"]
[WhiteElo "2138"]
[BlackElo "2246"]
[TimeControl "180+1"]
[EndTime "11:35:06 PDT"]
[Termination "OnePeculiarConundrum won on time"]

1. e4 c5 2. Nf3 d6 3. d4 cxd4 4.
Qxd4 Nc6 5. Qe3 Nf6 6. c4 g6 7.
Nc3 Bg7 8. h3 O-O 9. Be2 Nd7 10.
Rb1 a5 11. b3 Nc5 12. Bb2 Nb4 13. O-O Bd7 14. Rfd1 Nc6 15. Rd2 a4 16. Nd5 axb3 17. axb3 Bxb2 18. Rbxb2 Ra3 19. Qh6 f6 20. Nh4 Qe8 21.
f3 Nxb3 22. Rd3 Ra1+ 23. Kh2 Nc5 24. Rdd2 Qf7 25. Nb6 Be6 26. Nd5 Qg7 27. Qe3 Bf7 0-1

[Event "*** SCC Grand Prix: Titled Tuesday Blitz"]
[Site "Chess.com"]
[Date "2020.06.02"]
[Round "8"]
[White "vovachesss"]
[Black "blitzking1729"]
[Result "1-0"]
[WhiteElo "2648"]
[BlackElo "2476"]
[TimeControl "180+1"]
[EndTime "11:35:07 PDT"]
[Termination "vovachesss won by checkmate"]

1. e4 c6 2. d4 d5 3. e5 Bf5 4. h4 h5 5. c4 e6 6. Nc3 Ne7 7. Nge2 dxc4 8. Ng3 Bg4 9. f3 Bf5 10.
Bxc4 Nd7 11. Bg5 Bg6 12. Nge4 Qc7 13. Nd6+ Kd8 14. Bd3 Rg8 15. Bxg6 fxg6 16. Qb3 Nb6 17. Qxe6 Qd7 18. Qxg8 Kc7 19. Qf7 Nbd5 20. Nxd5+ Nxd5 21. Qxd7+ Kxd7 22. O-O-O Bxd6 23. exd6 Kxd6 24. Rhe1 b5 25. Re5 Rc8 26. Rde1 c5 27. dxc5+ Rxc5+ 28. Kb1 Rc4 29. Re6+ Kd7 30. R6e4 Rc8 31. Rd4 Kd6 32. Red1 Rc5 33. b4 Rc4 34. Rxd5+ Kc6 35. Rd6+ Kc7 36. Rd7+ Kc8 37.
Rd8+ Kc7 38. R1d7+ Kc6 39. Rd6+ Kc7 40. R8d7+ Kc8 41. Rxg7 Rxb4+ 42. Ka1 Rc4 43. Rd8# 1-0

[Event "*** SCC Grand Prix: Titled Tuesday Blitz"]
[Site "Chess.com"]
[Date "2020.06.02"]
[Round "8"]
[White "zajka-molotok"]
[Black "gemarin"]
[Result "1-0"]
[WhiteElo "2373"]
[BlackElo "2030"]
[TimeControl "180+1"]
[EndTime "11:35:10 PDT"]
[Termination "zajka-molotok won by resignation"]

1. c4 c6 2. e4 d6 3. d4 Nf6 4.
Nc3 Nbd7 5. f4 e5 6. Nf3 Qa5 7. Bd3 Be7 8. O-O O-O 9. fxe5 dxe5 10.
d5 Bc5+ 11. Kh1 Ng4 12. Qe2 Qc7 13. h3 Ngf6 14. Nh4 Bd4 15. Bd2 Nc5 16. Bc2 a5 17. Nf5 Bxf5 18. Rxf5 Nfd7 19. Raf1 f6 20. b3 Nb6 21. Qg4 Kh8 22. Ne2 Nc8 23. Nxd4 exd4 24. Bf4 Qd7 25. dxc6 bxc6 26. Rxc5 Qxg4 27. hxg4 1-0

[Event "*** SCC Grand Prix: Titled Tuesday Blitz"]
[Site "Chess.com"]
[Date "2020.06.02"]
[Round "8"]
[White "DvaHrasta"]
[Black "Sethu0025"]
[Result "0-1"]
[WhiteElo "2486"]
[BlackElo "2777"]
[TimeControl "180+1"]
[EndTime "11:35:11 PDT"]
[Termination "Sethu0025 won on time"]

1. c4 c5 2. g3 Nc6 3. Bg2 g6 4.
Nc3 Bg7 5. Nf3 e6 6. O-O d6 7. e3 Nge7 8. d4 O-O 9. b3 b6 10.
Bb2 Bb7 11. Rc1 Qd7 12. Rc2 Rfd8 13. Rd2 cxd4 14. exd4 d5 15. Bh3 dxc4 16. d5 Ne5 17.
Nxe5 Bxe5 18. Re1 Bg7 19. Rxe6 cxb3 20. Qxb3 Nxd5 21. Nxd5 Bxd5 22. Rxd5 Qxd5 23. Bxg7 Qxb3 0-1

[Event "*** SCC Grand Prix: Titled Tuesday Blitz"]
[Site "Chess.com"]
[Date "2020.06.02"]
[Round "8"]
[White "Gennady_Kozlov"]
[Black "Alohamora11"]
[Result "1-0"]
[WhiteElo "2570"]
[BlackElo "2425"]
[TimeControl "180+1"]
[EndTime "11:35:11 PDT"]
[Termination "Gennady_Kozlov won by checkmate"]

1. b3 e5 2. Bb2 Nc6 3. e3 Nf6 4. f4 exf4 5. exf4 Bd6 6. Qf3 O-O 7. Bd3 Nb4 8. Ne2 Nxd3+ 9. Qxd3 b6 10. Nbc3 Bb7 11.
O-O-O Qe7 12. Rde1 Rfe8 13. Rhg1 Ba3 14. g4 a5 15. g5 Ne4 16. Nxe4 Bxe4 17. Qd4 Bxb2+ 18. Kxb2 c5 19. Qe3 Qf8 20. Qc3 d5 21. Ng3 a4 22.
f5 b5 23. Nxe4 dxe4 24. g6 hxg6 25. fxg6 f6 26. Qh3 Qd6 27. Qh7+ Kf8 28. Qh8+ Ke7 29. Qxg7+ Kd8 30. Rgf1 Ra6 31. bxa4 bxa4 32. Ka1 Rb6 33.
Rb1 Rxb1+ 34. Rxb1 Qxd2 35. Rb8# 1-0

[Event "*** SCC Grand Prix: Titled Tuesday Blitz"]
[Site "Chess.com"]
[Date "2020.06.02"]
[Round "8"]
[White "mr65"]
[Black "Sjakkerntobi"]
[Result "1-0"]
[WhiteElo "2173"]
[BlackElo "2240"]
[TimeControl "180+1"]
[EndTime "11:35:11 PDT"]
[Termination "mr65 won by resignation"]

1. e4 e6 2. d4 d5 3. Nc3 Bb4 4. e5 Ne7 5. a3 Bxc3+ 6. bxc3 c5 7. Nf3 Qc7 8. a4 b6 9. Bb5+ Bd7 10. Bd3 Bc8 11. O-O Ba6 12. Ba3 O-O 13. Bxh7+ Kxh7 14. Ng5+ Kg6 15. Qg4 Be2 16. Nf3+ Kh7 17. Ng5+ Kg6 18. Qh4 Bh5 19. g4 Rh8 20. f4 f5 21. gxh5+ Rxh5 22. Qg3 Kh6 23. Nxe6 1-0

[Event "*** SCC Grand Prix: Titled Tuesday Blitz"]
[Site "Chess.com"]
[Date "2020.06.02"]
[Round "8"]
[White "mattcolins2025"]
[Black "Charlottemillard17"]
[Result "1-0"]
[WhiteElo "2361"]
[BlackElo "1510"]
[TimeControl "180+1"]
[EndTime "11:35:12 PDT"]
[Termination "mattcolins2025 won by checkmate"]

1. d4 Nf6 2. c4 g6 3. Nc3 Bg7 4.
e4 d6 5. Nf3 Nbd7 6. Be2 O-O 7.
O-O e5 8. d5 Nb6 9. Bg5 Bg4 10.
Nd2 Bxe2 11. Qxe2 Qd7 12. b4 c6 13. c5 Nc8 14. Nc4 cxd5 15. exd5 dxc5 16. Bxf6 Bxf6 17.
bxc5 Re8 18. Ne4 Bg7 19. Rad1 Qa4 20. Ncd6 Nxd6 21. Nxd6 Re7 22. Rc1 b6 23. c6 Qa3 24.
Nb5 Qb4 25. d6 Re6 26. c7 a6 27. d7 Qf8 28. c8=Q Rxc8 29. Rxc8 Qxc8 30. dxc8=Q+ Bf8 31. Qe3 axb5 32. Qh6 b4 33. Qcxf8# 1-0

[Event "*** SCC Grand Prix: Titled Tuesday Blitz"]
[Site "Chess.com"]
[Date "2020.06.02"]
[Round "8"]
[White "zurzan"]
[Black "gumimis"]
[Result "0-1"]
[WhiteElo "1920"]
[BlackElo "2132"]
[TimeControl "180+1"]
[EndTime "11:35:12 PDT"]
[Termination "gumimis won by checkmate"]

1. f4 c5 2. Nf3 Nc6 3. g3 g6 4.
Bg2 Bg7 5. O-O e6 6. d3 d5 7. c3 Nge7 8. Qe1 O-O 9. e4 b5 10. a3 a5 11. Bd2 Ba6 12. Rf2 Qb6 13. Kh1 b4 14. axb4 axb4 15. e5 Bxd3 16. Rxa8 Rxa8 17. cxb4 Ra1 18. bxc5 Qxc5 19. Be3 d4 20. Nxd4 Nxd4 21. Rd2 Rxb1 22. Qxb1 Bxb1 23. Rxd4 Qc7 24. b3 Nf5 25. Rc4 Qd7 26. Bg1 g5 27. Bc6 Qe7 28. b4 gxf4 29. Bc5 Qg5 30. Rxf4 Bxe5 31. Rf3 Qc1+ 32.
Kg2 Nd4 33. Bxd4 Qxc6 34. Bxe5 Be4 35. b5 Bxf3+ 36. Kh3 Qxb5 37. Bf4 Qh5# 0-1

[Event "*** SCC Grand Prix: Titled Tuesday Blitz"]
[Site "Chess.com"]
[Date "2020.06.02"]
[Round "8"]
[White "AndrewDGreen"]
[Black "Oneofmyturns"]
[Result "0-1"]
[WhiteElo "2347"]
[BlackElo "2620"]
[TimeControl "180+1"]
[EndTime "11:35:13 PDT"]
[Termination "Oneofmyturns won by resignation"]

1. e4 c5 2. Nf3 e6 3. c3 Nf6 4.
e5 Nd5 5. d4 cxd4 6. cxd4 Nc6 7. Bd2 d6 8. Nc3 Be7 9. a3 O-O 10. Bd3 Nc7 11. Qe2 Re8 12. Qe4 g6 13. h4 f5 14. exf6 Bxf6 15. h5 d5 16. Qe2 e5 17.
dxe5 Nxe5 18. Nxe5 Rxe5 19. Be3 d4 20. O-O-O Be6 21.
Bc4 Rc8 22. Rxd4 Qxd4 23. Bxd4 Rxe2 24. Bxe2 Bxd4 25. hxg6 hxg6 26. Rh6 Kg7 27. Rh4 Bf6 28. Rb4 b6 29. Re4 Bf5 30. Re3 Nd5 0-1